 Dungeon Crawl Stone Soup version 0.21.1-1-g345015fe64 (webtiles) character file.

193 Frilex the Chopper (level 5, -13/70 HPs)
             Began as a Minotaur Berserker on June 1, 2018.
             Was a Believer of Trog.
             Mangled by an orc warrior
             ... wielding a +0 morningstar
              (23 damage)
             ... on level 7 of the Dungeon.
             The game lasted 00:22:22 (3201 turns).

Frilex the Chopper (Minotaur Berserker)             Turns: 3201, Time: 00:22:23

Health: -13/70     AC: 10    Str: 25    XL:     5   Next: 44%
Magic:  4/4        EV:  9    Int:  4    God:    Trog [**....]
Gold:   105        SH:  5    Dex:  9    Spells: 4/4 levels left

rFire    . . .     SeeInvis .   x - +0 war axe
rCold    . . .     Gourm    .   (no shield)
rNeg     . . .     Faith    .   J - +0 chain mail
rPois    .         Spirit   .   (helmet restricted)
rElec    .         Reflect  +   (no cloak)
rCorr    .         Harm     .   A - +0 pair of gloves
MR       .....     Rnd*Tele +   (no boots)
Stlth    ..........             h - +5 amulet of reflection
HPRegen  0.21/turn              g - -3 ring of strength (curse)
MPRegen  0.09/turn              p - ring of teleportation (curse)

@: berserking, very quick
A: retaliatory headbutt, horns 2
a: Berserk, Trog's Hand, Burn Spellbooks, Renounce Religion


You were on level 7 of the Dungeon.
You worshipped Trog.
Trog was pleased with you.
You were not hungry.

You visited 1 branch of the dungeon, and saw 5 of its levels.

You collected 105 gold pieces.

Inventory:

Hand Weapons
 a - a +0 hand axe
 l - a +0 club
 n - a +0 hand axe
 o - a +0 whip
 q - a +0 club
 r - a +0 dagger
 s - a +0 club
 w - a +0 mace
 x - a +0 war axe (weapon)
 D - a +0 dagger
 G - a +0 dagger
 K - a +0 blowgun
 L - a +0 club
 M - a +0 rapier
Missiles
 j - 63 bolts
 k - a throwing net (quivered)
 m - 37 poisoned needles
Armour
 b - a +0 animal skin
 f - a cursed -2 ring mail
 i - a +0 ring mail
 A - a +0 pair of gloves (worn)
 F - a +0 helmet
 J - a +0 chain mail (worn)
Jewellery
 g - a cursed -3 ring of strength (left hand)
 h - a +5 amulet of reflection (around neck)
 p - a cursed ring of teleportation (right hand)
Scrolls
 e - a scroll of fog {unknown}
 t - a scroll of identify {unknown}
 u - a scroll of noise {unknown}
 v - a scroll of remove curse {unknown}
 y - a scroll of blinking {unknown}
Potions
 d - 2 potions of brilliance {unknown}
 z - a potion of lignification {unknown}
 B - 2 potions of degeneration {unknown}
 C - a potion of agility {unknown}
 E - a potion of curing {unknown}
 I - a potion of heal wounds {unknown}
Comestibles
 c - 6 rations
 H - 2 chunks of flesh


   Skills:
 + Level 4.5 Fighting
 + Level 5.7 Axes
 + Level 4.0 Armour
 + Level 2.8 Dodging
 + Level 0.3 Stealth


You had 4 spell levels left.
You didn't know any spells.

Dungeon Overview and Level Annotations

Branches:
Dungeon (4/15)
 Temple: D:4-7

Altars:


Innate Abilities, Weirdness & Mutations

You reflexively headbutt those who attack you in melee.
You have a pair of horns on your head.


Message History

You hit the orc priest.
You kill the orc priest!
Trog accepts your kill.
Your Armour skill increases to level 4!
The orc warrior hits you with a morningstar.
You hit the orc warrior.
You headbutt the orc warrior, but do no damage.
The orc warrior is heavily wounded.
The orc warrior hits you but does no damage.
You closely miss the orc warrior.
The orc warrior is heavily wounded.
The orc warrior hits you with a morningstar!
A red film seems to cover your vision as you go berserk!
You feel yourself moving faster!
You feel mighty!
You feel a lot more hungry.
You barely miss the orc warrior.
The orc warrior is heavily wounded.
The orc warrior hits you with a morningstar!!
* * * LOW HITPOINT WARNING * * *
The orc warrior hits you with a morningstar!!
You die...

#(### #...#
###...###
#.......###
#.........
#.......
#[o)# #..@#
#..## #..#
#..# #....
##.##.# #.#
# #.# ..#


You could see an orc warrior.

Vanquished Creatures
  A scorpion (D:3)
  An orc priest (D:7)
  A worker ant (D:3)
  2 adders
  2 oozes
  A leopard gecko (D:4)
  3 orcs
  4 giant cockroaches
  7 hobgoblins
  7 kobolds
  A quokka (D:3)
  7 bats
  6 frilled lizards
  9 goblins
  8 rats
60 creatures vanquished.

Notes
Turn   | Place    | Note
-------+----------+-------------------------------------------
     0 | D:1      | Frilex the Minotaur Berserker began the quest for the Orb.
     0 | D:1      | Reached XP level 1. HP: 19/19 MP: 0/0
   269 | D:1      | Reached skill level 4 in Axes
   269 | D:1      | Reached XP level 2. HP: 23/27 MP: 1/1
  1025 | D:2      | Reached ** piety under Trog
  1051 | D:2      | Reached XP level 3. HP: 31/33 MP: 2/2
  1944 | D:3      | Reached skill level 5 in Axes
  1944 | D:3      | Reached XP level 4. HP: 24/40 MP: 3/3
  2551 | D:3      | Reached XP level 5. HP: 35/47 MP: 4/4
  3190 | D:4      | You fall through a shaft for 3 floors!
  3190 | D:7      | Noticed an orc warrior
  3201 | D:7      | Mangled by an orc warrior

Skill      XL: |  1  2  3  4  5 |
---------------+----------------+-----
Axes           | 4 5 |  5.7
Fighting       | 4 |  4.5
Armour         | 3 4 |  4.0
Dodging        | |  2.8
Stealth        | |  0.3

Action                   |  1- 3 |  4- 6 || total
-------------------------+-------+-------++-------
Melee: Hand axe          |    63 |       ||    63
       Headbutt          |    14 |     4 ||    18
       War axe           |    40 |    41 ||    81
Invok: Berserk           |       |     1 ||     1
  Eat: Ration            |     1 |     1 ||     2
       Chunk             |       |     2 ||     2
Armor: Ring mail         |    36 |    14 ||    50
       Animal skin       |     1 |       ||     1
       Chain mail        |       |    10 ||    10
Dodge: Dodged            |    55 |    29 ||    84
Block: Other             |    34 |    15 ||    49
       Reflection        |     2 |       ||     2
